 Dungeon Crawl Stone Soup version 0.29-a0-813-g4a14ea37d6 (webtiles) character file.

Game seed: 1837647168614648968

120 buhh the Insei (level 5, 0/36 HPs)
             Began as an Octopode Transmuter on July 4, 2022.
             Slain by an orc
             ... wielding a +0 short sword
              (1 damage)
             ... on level 4 of the Dungeon.
             The game lasted 00:05:04 (3722 turns).

buhh the Insei (Octopode Transmuter)                Turns: 3722, Time: 00:05:05

Health: 0/36       AC:  1    Str:  9    XL:     5   Next: 4%
Magic:  8/8        EV: 13    Int: 17    God:
Gold:   188        SH:  0    Dex: 13    Spells: 7/8 levels left

rFire   + . .      SeeInvis .     - Unarmed
rCold   + . .      Faith    .   (no shield)
rNeg    . . .      Spirit   .   (helmet restricted)
rPois   +          Reflect  .   (no amulet)
rElec   +          Harm     .   (no ring)
rCorr   +          Rampage  .   (no ring)
Will    .....                   (no ring)
Stlth   +++.......              (no ring)
HPRegen 0.12/turn               (no ring)
MPRegen 0.11/turn               (no ring)
                                (no ring)
                                (no ring)

@: resistant, flying
A: almost no armour, amphibious, 8 rings, camouflage 1, gelatinous body 1,
(nimble swimmer 1), tentacles
a: no special abilities


You were on level 4 of the Dungeon.
You visited 1 branch of the dungeon, and saw 4 of its levels.

You collected 188 gold pieces.

Inventory:

Hand Weapons
 a - a +0 vorpal sling
Missiles
 n - 4 poisoned darts
Magical Staves
 q - a staff of fire
Jewellery
 i - a ring of flight
Scrolls
 b - a scroll of enchant weapon {unknown}
 e - a scroll of enchant armour {unknown}
 g - a scroll of identify {!d}
 j - a scroll of magic mapping {unknown}
 m - a scroll of immolation {unknown}
 o - a scroll of fog {unknown}
 p - a scroll of teleportation {unknown}
 X - 3 scrolls of amnesia
Potions
 k - 3 potions of flight
 l - a potion of might {unknown}


   Skills:
 + Level 2.8 Fighting
 + Level 3.0 Dodging
 - Level 2.0 Stealth
 + Level 3.8 Unarmed Combat
 - Level 2.0 Spellcasting
 - Level 2.0 Transmutations


You had 7 spell levels left.
You knew the following spells:

 Your Spells              Type           Power      Damage    Failure   Level
a - Beastly Appendage     Tmut           16%        N/A       9%          1

Your spell library contained the following spells:

 Spells                   Type           Power      Damage    Failure   Level
 Sting                    Tmut/Pois      20%        1d4       13%         1
 Wereblood                Tmut           8%         N/A       13%         2
 Slow                     Hex            4%         N/A       19%         1
 Poisonous Vapours        Pois/Air       2%         N/A       28%         2
 Spider Form              Tmut/Pois      5%         N/A       36%         3
 Confusing Touch          Hex            1%         N/A       50%         3
 Portal Projectile        Hex/Tloc       2%         N/A       50%         3
 Tukima's Dance           Hex            1%         N/A       50%         3
 Vampiric Draining        Necr           1%         2d6       50%         3
 Ice Form                 Ice/Tmut       5%         N/A       77%         4
 Olgreb's Toxic Radiance  Pois           1%         N/A       88%         4
 Blade Hands              Tmut           4%         N/A       93%         5
 Dispersal                Tloc           0%         N/A       100%        6
 Disjunction              Tloc           0%         N/A       100%        8


Dungeon Overview and Level Annotations

Branches:
Dungeon (4/15) Zot: 20268
 Temple: D:4-7

Altars:
Ru
The Shining One

Annotations:
D:2 Sigmund, Terence
D:3 1 runed translucent door, Broodspinner's ghost, amateur HOFi


Innate Abilities, Weirdness & Mutations

You cannot wear most types of armour.
You are amphibious.
You can wear up to eight rings at the same time.
Your skin changes colour to match your surroundings (Stealth+).
Your rubbery body absorbs attacks. (AC +1, EV +1)
((You are camouflaged when in or above water. (Stealth+)))
You have tentacles for arms and can constrict up to eight enemies at once.


Message History

As you read the scroll labelled BOPOP CUBLEM, it crumbles to dust.
It is a scroll of identify.
f - 3 scrolls of amnesia;
X - 3 scrolls of amnesia;
g - a scroll of identify
b - a scroll labelled ZEANEMUNUST You feel very sick.
The scorpion stings you!
An orc comes into view. It is wielding a +0 club.
The scorpion stings you.
As you read the scroll labelled TAOSIMMYFU, it crumbles to dust.
You hear a loud clanging noise!
It was a scroll of noise.
You feel sick.
The orc shouts!
You hear a shout! x7; You hear a bark!
You hear a shout!
You hear a bark! x2
The orc barely misses you. The scorpion stings you!
It was a potion of curing.
You feel better.
N - a potion of curing The orc closely misses you.
The scorpion stings you!
It was a potion of flight.
You feel very buoyant.
You fly up into the air.
k - 3 potions of flight;
e - a scroll labelled AWITAU MOAJ The orc barely misses you.
The orc hits you from afar with a +0 trident.
An orc comes into view. It is wielding a +0 club.
The orc barely misses you. The scorpion stings you.
* * * LOW HITPOINT WARNING * * *
Really quaff
N - a potion of curing {!q!d}?
You feel better.
The orc hits you from afar with a +0 trident.
The orc hits you with a +0 flail.
* * * LOW HITPOINT WARNING * * *
The scorpion closely misses you.
It was a potion of resistance.
You feel protected. The scorpion stings you.
* * * LOW HITPOINT WARNING * * *
The orc hits you from afar with a +0 trident.
* * * LOW HITPOINT WARNING * * *
The orc hits you with a +0 short sword.
You die...

#...........#
##......##...#
#.......######
#...†....#
#........# ##
######..##)###
..#..#...######...#
...!.oo...........#
.o..o.s@..........#
..##..oo.##..##...#
##+#####+###..##
....# ....# ##..##
####


You could see a scorpion and 6 orcs.

Vanquished Creatures
  5 adders
  A worm (D:3)
  A dart slug (D:3)
  4 orcs
  3 ball pythons
  8 bats
  4 endoplasms
  A giant cockroach (D:1)
  7 goblins
  3 hobgoblins
  9 jackals
  4 quokkas
  2 frilled lizards
  4 kobolds
  4 rats
60 creatures vanquished.

Vanquished Creatures (others)
  An endoplasm (D:2)
  A bat (D:2)
  A rat (D:2)
3 creatures vanquished.

Grand Total: 63 creatures vanquished

Notes
Turn   | Place    | Note
-------+----------+-------------------------------------------
     0 | D:1      | buhh the Octopode Transmuter began the quest for the Orb.
     0 | D:1      | Reached XP level 1. HP: 13/13 MP: 3/3
   148 | D:1      | Reached XP level 2. HP: 17/18 MP: 3/5
   337 | D:1      | Found a faded altar of an unknown god.
   337 | D:1      | Noticed a Tzitzimitl
   973 | D:2      | Reached XP level 3. HP: 14/24 MP: 4/6
  1678 | D:2      | Noticed Sigmund
  1798 | D:2      | Reached XP level 4. HP: 15/29 MP: 5/7
  2163 | D:2      | Noticed Terence
  2435 | D:3      | Found a sacrificial altar of Ru.
  3131 | D:3      | Noticed Broodspinner's ghost (amateur HOFi)
  3252 | D:3      | Found a runed translucent door.
  3376 | D:3      | Reached XP level 5. HP: 32/35 MP: 8/8
  3462 | D:3      | Found a glowing golden altar of the Shining One.
  3722 | D:4      | HP: 1/36 [orc/+0 trident (2)]
  3722 | D:4      | Slain by an orc

Illustrated notes

Levels and vault maps discovered:
D:1:      giann_wishing_wells, layout_basic,
          dreamdust_ecumenical_altar_sealed_demon, corner_web_ring,
          minmay_3d_cube
D:2:      kennysheep_six_static_rooms, layout_loops_cross, lemuel_old_faithful,
          uniq_sigmund, uniq_terence
D:3:      layout_loops_cross, hangedman_ru_absence, lemuel_tele_altar,
          hellmonk_ghost_happy_afterlife
D:4:      layout_gridville, uniq_eustachio

Skill      XL: |  1  2  3  4 |
---------------+-------------+-----
Stealth        | 2 |  2.0
Fighting       | 2 |  2.8
Dodging        | 3 |  3.0
Unarmed Combat | |  3.8
Spellcasting   | |  2.0
Transmutations | |  2.0

Action                   |  1- 3 |  4- 6 || total
-------------------------+-------+-------++-------
Melee: Unarmed           |    67 |    39 ||   106
       Constrict         |    16 |    13 ||    29
       Kick              |    11 |     3 ||    14
       Tentacles         |     8 |     9 ||    17
       Punch             |     3 |       ||     3
 Fire: Sling             |    41 |    49 ||    90
 Cast: Beastly Appendage |    17 |     6 ||    23
  Use: Potion            |     1 |     4 ||     5
       Scroll            |       |     2 ||     2
 Stab: Sleeping          |     5 |     1 ||     6
Armor: Skin              |    13 |     4 ||    17
Dodge: Dodged            |    53 |    35 ||    88

Table legend: (Time is in decaauts)
 A = Elapsed time spent in this place.
 B = Non-inter-level travel time spent in this place.
 C = Inter-level travel time spent in this place.
 D = Time resting spent in this place.
 E = Time spent auto-exploring this place.
 F = Levels seen in this place.
 G = Mean time per level.
                   A        B        C        D        E       F      G
               +--------+--------+--------+--------+--------+-----+--------+
         Total |   3731 |   3615 |    116 |    895 |   2226 |   4 |  932.8 |
       Dungeon |   3731 |   3615 |    116 |    895 |   2226 |   4 |  932.8 |
               +--------+--------+--------+--------+--------+-----+--------+

Top non-repeatable levels by time:
     D:2: 1478 daAuts
     D:3: 1253 daAuts
     D:1: 908 daAuts
     D:4: 90 daAuts
